 Dungeon Crawl Stone Soup version 0.24-a0-130-ga3c21ff (webtiles) character file.

Game seed: 0

233596 Mgcat the Severer (level 18, -16/159 HPs)
             Began as a Centaur Fighter on Feb 26, 2019.
             Was the Champion of Okawaru.
             Killed from afar by a crystal guardian (illusionary) (26 damage)
             ... with a crystal bolt
             ... on level 1 of the Vaults.
             The game lasted 01:51:07 (40903 turns).

Mgcat the Severer (Centaur Fighter)                Turns: 40903, Time: 01:51:08

Health: -16/159    AC: 32    Str: 27    XL:     18   Next: 42%
Magic:  24/25      EV: 11    Int: 14    God:    Okawaru [******]
Gold:   460        SH:  0    Dex:  9    Spells: 17/17 levels left

rFire    . . .     SeeInvis .   b - +5 broad axe (flame)
rCold    . . .     Gourm    .   (no shield)
rNeg     . . .     Faith    +   l - +7 chain mail "Ackeci" {Int+5}
rPois    +         Spirit   .   I - +2 hat "Zaiss" {rElec MR+ Str+2}
rElec    +         Reflect  .   x - +1 cloak {rPois}
rCorr    .         Harm     .   S - +2 pair of gloves
MR       ++...                  i - +1 centaur barding {Fly}
Stlth    ..........             J - amulet of faith {Faith, !P}
HPRegen  0.36/turn              B - +3 ring of slaying
MPRegen  0.19/turn              n - +3 ring of evasion

@: heroism, flying, very slightly contaminated, very quick
A: large, hooves 3, deformed body, speed 2, tough skin 3
}: 2/15 runes: decaying, gossamer
a: Heroism, Finesse, Renounce Religion, Stop Flying


You were on level 1 of the Vaults.
You worshipped Okawaru.
Okawaru was exalted by your worship.
You were not hungry.

You visited 7 branches of the dungeon, and saw 33 of its levels.
You also visited: Ossuary.

You collected 2966 gold pieces.
You spent 2506 gold pieces at shops.

Inventory:

Hand Weapons
 a - a +7 longbow of flaming
   (You took it off Nessos on level 5 of the Lair of Beasts)
 b - a +5 broad axe of flaming (weapon)
   (Okawaru gifted it to you on level 4 of the Lair of Beasts)
 O - a +2 battleaxe of freezing
   (Okawaru gifted it to you on level 9 of the Dungeon)
Missiles
 y - 468 arrows
Armour
 i - a +1 centaur barding of flying (worn)
   (Okawaru gifted it to you on level 4 of the Spider Nest)
 l - the +7 chain mail "Ackeci" (worn) {Int+5}
   (You bought it in a shop on level 11 of the Dungeon)

   It affects your intelligence (+5).
 o - a +2 crystal plate armour
   (Okawaru gifted it to you on level 4 of the Swamp)
 x - a +1 cloak of poison resistance (worn)
   (You took it off Maurice on level 13 of the Dungeon)
 I - the +2 hat "Zaiss" (worn) {rElec MR+ Str+2}
   (Okawaru gifted it to you on level 1 of the Lair of Beasts)

   It affects your strength (+2).
   It insulates you from electricity.
   It affects your resistance to hostile enchantments.
 S - a +2 pair of gloves (worn)
   (You found it on level 12 of the Dungeon)
 W - a +0 pair of gloves of dexterity
   (Okawaru gifted it to you on level 3 of the Spider Nest)
Magical Staves
 Z - an uncursed staff of poison {rPois}
   (You took it off Arachne on level 4 of the Spider Nest)
Jewellery
 n - a +3 ring of evasion (right hand)
   (You found it on level 1 of the Dungeon)
 B - a +3 ring of slaying (left hand)
   (You found it on level 1 of the Lair of Beasts)
 J - an amulet of faith (around neck) {Faith, !P}
   (You found it on level 4 of the Lair of Beasts)
 N - an uncursed ring of protection from magic {MR+, !d}
   (You found it on level 1 of the Spider Nest)
Wands
 q - a wand of iceblast (24)
   (You found it on level 1 of the Lair of Beasts)
 w - a wand of acid (13)
   (You found it on level 2 of the Lair of Beasts)
 U - a wand of scattershot (4)
   (You found it on level 3 of the Spider Nest)
Scrolls
 c - 2 scrolls of fog
 h - 10 scrolls of remove curse
 j - 4 scrolls of fear
 s - 5 scrolls of blinking {!r}
 v - a scroll of enchant armour
 z - 9 scrolls of teleportation
 D - 7 scrolls of immolation {!r}
 G - 2 scrolls of magic mapping {!r}
 Q - 5 scrolls of identify
Potions
 d - 2 potions of heal wounds
 e - a potion of magic
 g - 3 potions of cancellation
 k - 17 potions of curing
 m - 9 potions of haste
 p - 3 potions of ambrosia
 r - 7 potions of flight
 t - 5 potions of mutation {!q}
 A - 5 potions of lignification {!q}
 E - 2 potions of resistance
 K - 4 potions of berserk rage {!q}
 P - 3 potions of might
 R - a potion of agility
Miscellaneous
 u - a lamp of fire
   (You found it on level 2 of the Swamp)
 M - 2 sacks of spiders
Comestibles
 f - 59 rations


   Skills:
 + Level 13.6(18.6) Fighting
 - Level 20.0(25.0) Axes
 + Level 18.7(23.7) Bows
 - Level 5.0(10.0) Throwing
 - Level 5.0(10.0) Armour
 - Level 5.0(10.0) Dodging
   Level 3.0(8.0) Shields
 - Level 10.0 Invocations
 - Level 5.0 Evocations


You had 17 spell levels left.
You didn't know any spells.
Your spell library contained the following spells:

 Spells                   Type           Power        Failure   Level  Hunger
 Corona                   Hex            #......      78%         1    ##.....
 Flame Tongue             Conj/Fire      #....        78%         1    ##.....
 Freeze                   Ice            #...         78%         1    ##.....
 Infusion                 Chrm           #...         78%         1    ##.....
 Magic Dart               Conj           #...         78%         1    ##.....
 Sting                    Conj/Pois      #...         78%         1    ##.....
 Ensorcelled Hibernation  Hex/Ice        #.....       89%         2    ###....
 Poisonous Vapours        Pois/Air       #.....       89%         2    ###....
 Searing Ray              Conj           #.....       89%         2    ###....
 Shroud of Golubria       Chrm/Tloc      #.........   89%         2    ###....
 Song of Slaying          Chrm           #.......     89%         2    ###....
 Swiftness                Chrm/Air       #.......     89%         2    ###....
 Throw Flame              Conj/Fire      #.....       89%         2    ###....
 Throw Frost              Conj/Ice       #.....       89%         2    ###....
 Confuse                  Hex            #.......     98%         3    ####...
 Conjure Flame            Conj/Fire      #.......     98%         3    ####...
 Dazzling Spray           Conj/Hex       #.....       98%         3    ####...
 Inner Flame              Hex/Fire       #.......     98%         3    ####...
 Mephitic Cloud           Conj/Pois/Air  #.......     98%         3    ####...
 Ozocubu's Armour         Chrm/Ice       #.......     98%         3    ####...
 Regeneration             Chrm/Necr      #.........   98%         3    ####...
 Spectral Weapon          Hex/Chrm       #.......     98%         3    ####...
 Tukima's Dance           Hex            #.......     98%         3    ####...
 Cause Fear               Hex            #.........   100%        4    #####..
 Force Lance              Conj/Tloc      #.......     100%        4    #####..
 Fulminant Prism          Conj/Hex       #.........   100%        4    #####..
 Iskenderun's Mystic Bla  Conj           #.......     100%        4    #####..
 Olgreb's Toxic Radiance  Pois           #.......     100%        4    #####..
 Sticky Flame             Conj/Fire      #.......     100%        4    #####..
 Summon Ice Beast         Ice/Summ       #.......     100%        4    #####..
 Throw Icicle             Conj/Ice       #.......     100%        4    #####..
 Bolt of Magma            Conj/Fire/Erth #.........   100%        5    ######.
 Fireball                 Conj/Fire      #.........   100%        5    ######.
 Iskenderun's Battlesphe  Conj/Chrm      #.......     100%        5    ######.
 Silence                  Hex/Air        #.........   100%        5    ######.
 Venom Bolt               Conj/Pois      #.........   100%        5    ######.
 Yara's Violent Unravell  Hex/Tmut       #.........   100%        5    ######.
 Deflect Missiles         Chrm/Air       #.........   100%        6    #######
 Freezing Cloud           Conj/Ice/Air   #.........   100%        6    #######
 Iron Shot                Conj/Erth      #.........   100%        6    #######
 Ozocubu's Refrigeration  Ice            #.........   100%        6    #######
 Orb of Destruction       Conj           #.........   100%        7    #######
 Ring of Flames           Chrm/Fire      #.........   100%        7    #######
 Spellforged Servitor     Conj/Summ      #.........   100%        7    #######
 Discord                  Hex            #.........   100%        8    #######
 Shatter                  Erth           #.........   100%        9    #######


Dungeon Overview and Level Annotations

Branches:
Dungeon (15/15)            Temple (1/1) D:5            Lair (6/6) D:10
  Swamp (4/4) Lair:4       Spider (4/4) Lair:3        Slime (0/5) Lair:5
    Orc (2/2) D:11            Elf (0/3) Orc:2        Vaults (1/5) D:14
 Depths (0/5) D:15

Altars:
Ashenzari
Cheibriados
Dithmenos
Elyvilon
Fedhas
Gozag
Hepliaklqana
Kikubaaqudgha
Makhleb
Nemelex Xobeh
Okawaru
Qazlal
Ru
Sif Muna
Trog
Uskayaw
Vehumet
Wu Jian
Xom
Yredelemnul
Zin
The Shining One
Jiyva

Shops:
D:10 %   D:11 [   D:12 [   D:15 ?   Orc:2 %?=[

Annotations:
Lair:2 exclusion: oklob plant


Innate Abilities, Weirdness & Mutations

You have hooves in place of feet.
Armour fits poorly on your strangely shaped body.
You cover ground very quickly.
You have extremely tough skin. (AC +3)


Message History

You take 39 damage, and have 100/158 hp.
MASSIVE DAMAGE!!
Warning x2: The orc knight can hit for high damage!
The rakshasa can cast IMB, Phantom Mirror, duplicating itself and allies, and blinks!
You are too injured to fight recklessly!
Warning x2: The orc knight can hit for high damage!
The rakshasa can cast IMB, Phantom Mirror, duplicating itself and allies, and blinks!
You are too injured to fight recklessly!
Warning x2: The orc knight can hit for high damage!
The rakshasa can cast IMB, Phantom Mirror, duplicating itself and allies, and blinks!
You are too injured to fight recklessly!
Warning x2: The orc knight can hit for high damage!
The rakshasa can cast IMB, Phantom Mirror, duplicating itself and allies, and blinks!
You are too injured to fight recklessly!
Warning x2: The orc knight can hit for high damage!
The rakshasa can cast IMB, Phantom Mirror, duplicating itself and allies, and blinks!
You are too injured to fight recklessly!
Warning x2: The orc knight can hit for high damage!
The rakshasa can cast IMB, Phantom Mirror, duplicating itself and allies, and blinks!
You are too injured to fight recklessly!
Warning x2: The orc knight can hit for high damage!
The rakshasa can cast IMB, Phantom Mirror, duplicating itself and allies, and blinks!
You slice the orc knight!! You burn the orc knight.
You kill the orc knight!
Okawaru accepts your kill. The rakshasa barely misses you.
The crystal guardian fires a crystalline bolt at you.
The crystal bolt misses you.
Spoiler Alert: The rakshasa can cast IMB, Phantom Mirror, duplicating itself and allies, and blinks!
Unknown command.
Spoiler Alert: The rakshasa can cast IMB, Phantom Mirror, duplicating itself and allies, and blinks!
Unknown command.
Spoiler Alert: The rakshasa can cast IMB, Phantom Mirror, duplicating itself and allies, and blinks!
You gain the combat prowess of a mighty hero.
The rakshasa hits you from afar with a +0 trident!
You take 9 damage, and have 91/158 hp.
You now have 23/25 mp.
Spoiler Alert: The rakshasa can cast IMB, Phantom Mirror, duplicating itself and allies, and blinks!
You slash the crystal guardian!
The crystal guardian is lightly damaged.
Spoiler Alert: The rakshasa can cast IMB, Phantom Mirror, duplicating itself and allies, and blinks!
You hit the crystal guardian but do no damage.
You kick the crystal guardian, but do no damage.
The crystal guardian is lightly damaged.
The crystal guardian fires a crystalline bolt at you.
The crystal bolt freezes you but does no damage.
The rakshasa weaves an illusion.
The crystal guardian shimmers and seems to become two!
Spoiler Alert: The rakshasa can cast IMB, Phantom Mirror, duplicating itself and allies, and blinks!
You hit the crystal guardian.
The crystal guardian is lightly damaged.
You slash the crystal guardian!
The crystal guardian hits you but does no damage.
The crystal guardian hits you.
The rakshasa blinks!
You take 2 damage, and have 90/158 hp.
Spoiler Alert: The rakshasa can cast IMB, Phantom Mirror, duplicating itself and allies, and blinks!
You hit the crystal guardian.
You kick the crystal guardian, but do no damage.
The crystal guardian is lightly damaged.
You hit the crystal guardian but do no damage.
Spoiler Alert: The rakshasa can cast IMB, Phantom Mirror, duplicating itself and allies, and blinks!
You hit the crystal guardian.
The crystal guardian is lightly damaged.
You hit the crystal guardian but do no damage.
The crystal guardian hits you but does no damage. x2
Spoiler Alert: The rakshasa can cast IMB, Phantom Mirror, duplicating itself and allies, and blinks!
You slash the crystal guardian! You kick the crystal guardian.
The crystal guardian is moderately damaged.
You slice the crystal guardian!!
The crystal guardian hits you but does no damage.
The crystal guardian hits you!
You take 6 damage, and have 84/158 hp.
Spoiler Alert: The rakshasa can cast IMB, Phantom Mirror, duplicating itself and allies, and blinks!
You slice the crystal guardian!! You kick the crystal guardian!
The crystal guardian is moderately damaged.
You hit the crystal guardian but do no damage.
The crystal guardian fires a crystalline bolt at you.
The crystal bolt misses you. The crystal guardian hits you.
You take 6 damage, and have 78/158 hp.
Spoiler Alert: The rakshasa can cast IMB, Phantom Mirror, duplicating itself and allies, and blinks!
You slash the crystal guardian! You kick the crystal guardian.
You destroy the crystal guardian!
Okawaru accepts your kill.
You slash the crystal guardian!
The rakshasa hits you from afar with a +0 trident!
You take 14 damage, and have 64/159 hp.
Spoiler Alert: The rakshasa can cast IMB, Phantom Mirror, duplicating itself and allies, and blinks!
You hit the crystal guardian.
You kick the crystal guardian, but do no damage.
The crystal guardian is heavily damaged.
The crystal guardian fires a crystalline bolt at you.
The crystal bolt freezes you!!!
* * * LOW HITPOINT WARNING * * *
The rakshasa hits you but does no damage.
You take 54 damage, and have 10/159 hp.
MASSIVE DAMAGE!!
Spoiler Alert: The rakshasa can cast IMB, Phantom Mirror, duplicating itself and allies, and blinks!
Unknown command.
Spoiler Alert: The rakshasa can cast IMB, Phantom Mirror, duplicating itself and allies, and blinks!
Unknown command.
Spoiler Alert: The rakshasa can cast IMB, Phantom Mirror, duplicating itself and allies, and blinks!
Really read
s - 6 scrolls of blinking {!r}?
Blink to where?
Press: ? - help, Dir - move target cursor You are very lightly contaminated with residual magic.
As you read the scroll of blinking {!r}, it crumbles to dust.
The crystal guardian fires a crystalline bolt at you.
The crystal bolt burns you!!
You die...

##########
#........#
#........#
#########..∩.....#
........#........#
........#........#
........@........#
........##########
........#
........#
......)§#
#######8# .R.
#...# #...#


You could see a rakshasa and a crystal guardian.

Vanquished Creatures
  Nikola (Swamp:1)
  Arachne (Spider:4)
  Jorgrun (Orc:2)
  Frances (Swamp:2)
  Gastronok (Lair:3)
  Kirke (Swamp:3)
  2 thorn hunters
  5 emperor scorpions
  3 ghost moths (Spider:4)
  A very ugly thing (Swamp:2)
  Nessos (Lair:5)
  2 entropy weavers
  Snorg (Lair:5)
  2 spark wasps (Spider:4)
  A crystal guardian (Vaults:1)
  Josephine (Lair:4)
  A yaktaur captain (D:15)
  18 hydras
  A rakshasa (D:13)
  3 ice dragons (Swamp:4)
  A ghost crab (Swamp:4)
  5 catoblepae
  22 two-headed ogres
  A shambling mangrove (Swamp:3)
  19 alligators
  6 ogre magi
  3 centaur warriors
  A tengu warrior (D:15)
  7 death yaks (Lair:6)
  A deep elf knight (D:14)
  Nergalle (D:10)
  Sonja (Orc:2)
  A deep troll (D:15)
  7 unseen horrors
  A spriggan druid (Swamp:4)
  An unseen horror (shapeshifter) (D:13)
  5 swamp dragons
  A lindwurm (Lair:5)
  A wizard (D:15)
  2 orc knights
  A phantasmal warrior (D:13)
  3 deep elf magi (D:14)
  16 ugly things
  19 orb spiders
  3 oklob plants (Lair:5)
  6 cyclopes
  28 wolf spiders
  4 manticores
  2 moths of wrath
  Joseph (D:10)
  6 black mambas
  Maurice (D:13)
  14 spiny frogs
  5 torpor snails
  A kobold demonologist (D:13)
  2 rime drakes
  6 yaktaurs
  An efreet (D:14)
  5 freezing wraiths
  8 komodo dragons
  7 demonic crawlers
  3 meliai (Spider:1)
  A queen bee (Spider:1)
  A polar bear (shapeshifter) (D:15)
  11 hornets
  A polar bear (Lair:5)
  52 jumping spiders
  13 tyrant leeches
  4 trolls
  14 dream sheep
  10 hippogriffs
  8 blink frogs
  7 bog bodies
  8 slime creatures
  6 shadows
  A vampire (D:15)
  A spriggan (Swamp:3)
  7 wyverns
  79 redbacks
  33 tarantellas
  2 basilisks
  5 wraiths (Lair:4)
  4 hogs (Swamp:3)
  35 yaks
  A steam dragon (D:9)
  28 vampire mosquitoes
  3 swamp worm simulacra (Swamp:4)
  A soldier ant (D:10)
  12 swamp worms
  24 insubstantial wisps
  2 acid dragons
  6 wargs
  12 water moccasins
  12 porcupines
  13 hydra simulacra (Swamp:4)
  15 swamp drakes
  11 orc warriors
  5 ice beasts
  7 sky beasts
  A hornet zombie (D:13)
  4 phantoms
  3 black bears
  32 ogres
  3 eyes of draining
  5 necrophages
  A boggart (D:14)
  10 centaurs
  3 wolves (Lair:4)
  10 crocodiles
  A crocodile (shapeshifter) (Vaults:1)
  4 big kobolds
  18 bullfrogs
  A wyvern skeleton (D:11)
  7 scorpions
  27 killer bees
  10 wights
  3 howler monkeys
  9 crimson imps
  3 bullfrog zombies
  6 centaur zombies
  9 jellies
  2 quasits
  4 centaur skeletons
  14 orc priests
  12 hounds
  3 bullfrog skeletons
  3 iguanas
  21 orc wizards
  17 worker ants
  2 big kobold zombies (Ossuary)
  3 hound zombies (D:8)
  A hound skeleton (D:3)
  6 mummies (Ossuary)
  A howler monkey zombie (D:8)
  A worker ant zombie (D:8)
  5 gnolls
  A howler monkey skeleton (D:4)
  11 adders
  6 shadow imps
  3 oozes (D:3)
  5 swamp drake simulacra (Swamp:4)
  2 adder skeletons
  2 adder zombies
  A worm (D:4)
  3 dart slugs
  7 leopard geckos
  59 orcs
  3 ball pythons
  4 bats
  7 giant cockroaches
  5 goblins
  A hobgoblin (D:3)
  10 jackals
  3 quokkas
  4 frilled lizards
  4 hobgoblin zombies (Ossuary)
  26 kobolds
  3 leopard gecko skeletons
  A leopard gecko zombie (D:8)
  4 quokka zombies
  7 rats
  2 fungi
  5 plants
1186 creatures vanquished.

Vanquished Creatures (collateral kills)
  A demonic crawler (Spider:1)
  A hornet (Swamp:1)
  A redback (Spider:1)
  A spriggan (Swamp:1)
4 creatures vanquished.

Vanquished Creatures (others)
  An azure jelly (Swamp:4)
  A swamp dragon (Swamp:4)
  A bush (Lair:2)
  7 fungi
  9 plants
  A withered plant (D:8)
20 creatures vanquished.

Grand Total: 1210 creatures vanquished

Notes
Turn   | Place    | Note
-------+----------+-------------------------------------------
     0 | D:1      | Mgcat the Centaur Fighter began the quest for the Orb.
     0 | D:1      | Reached XP level 1. HP: 19/19 MP: 1/1
   222 | D:1      | Reached skill level 2 in Axes
   222 | D:1      | Reached XP level 2. HP: 26/26 MP: 2/2
   771 | D:1      | Found a sparkling altar of Nemelex Xobeh.
   814 | D:1      | Reached XP level 3. HP: 30/31 MP: 3/3
  1210 | D:2      | Noticed an ogre
  1297 | D:2      | Reached XP level 4. HP: 29/38 MP: 4/4
  2452 | D:3      | Found a shadowy altar of Dithmenos.
  2548 | D:4      | Reached XP level 5. HP: 44/46 MP: 5/5
  2557 | D:4      | Reached skill level 3 in Armour
  2629 | D:4      | Reached skill level 4 in Fighting
  2629 | D:4      | Reached skill level 3 in Axes
  2629 | D:4      | Reached skill level 3 in Shields
  2978 | D:4      | Reached XP level 6. HP: 53/53 MP: 6/6
  3660 | D:4      | Reached skill level 5 in Fighting
  3660 | D:4      | Reached skill level 4 in Axes
  3761 | D:5      | Entered Level 5 of the Dungeon
  3770 | D:5      | Reached XP level 7. HP: 58/61 MP: 7/7
  3819 | D:5      | Reached skill level 5 in Axes
  3941 | D:5      | Found a staircase to the Ecumenical Temple.
  3998 | D:5      | Reached skill level 6 in Fighting
  4103 | D:5      | HP: 12/63 [ogre/+0 giant club (20)]
  4348 | D:4      | Reached XP level 8. HP: 34/71 MP: 8/8
  5135 | D:4      | Reached skill level 7 in Fighting
  5135 | D:4      | Reached skill level 6 in Axes
  5383 | Temple   | Entered the Ecumenical Temple
  5485 | Temple   | Became a worshipper of Warmaster Okawaru
  5768 | D:6      | Reached skill level 1 in Invocations
  5908 | D:6      | Reached skill level 2 in Invocations
  6405 | D:6      | Reached skill level 8 in Fighting
  6409 | D:6      | Reached skill level 7 in Axes
  6422 | D:6      | Reached skill level 3 in Invocations
  6456 | D:6      | Reached * piety under Okawaru
  6456 | D:6      | Reached XP level 9. HP: 78/81 MP: 11/11
  6566 | D:6      | HP: 17/81 [orc warrior/+0 halberd (6)]
  6980 | D:7      | Reached skill level 4 in Invocations
  7014 | D:7      | Found a sand-covered staircase.
  7069 | Ossuary  | Entered an ossuary
  7768 | D:7      | Reached ** piety under Okawaru
  7926 | D:7      | Reached skill level 5 in Invocations
  8101 | D:7      | Reached skill level 9 in Fighting
  8292 | D:7      | Reached skill level 8 in Axes
  8854 | D:8      | Noticed a two-headed ogre
  8877 | D:8      | Killed a two-headed ogre
  8877 | D:8      | Reached *** piety under Okawaru
  8877 | D:8      | Reached skill level 4 in Armour
  8877 | D:8      | Reached skill level 6 in Invocations
  8877 | D:8      | Reached XP level 10. HP: 77/91 MP: 14/14
  9105 | D:8      | Identified a scroll of acquirement
  9445 | D:9      | Found an ancient bone altar of Kikubaaqudgha.
  9513 | D:9      | Noticed a two-headed ogre
  9523 | D:9      | Killed a two-headed ogre
  9523 | D:9      | Reached **** piety under Okawaru
  9663 | D:9      | Reached skill level 7 in Invocations
  9667 | D:9      | Reached skill level 10 in Fighting
  9689 | D:9      | Reached skill level 9 in Axes
  9734 | D:9      | Noticed a two-headed ogre
  9738 | D:9      | Noticed a cyclops
  9740 | D:9      | You fall through a shaft for 2 floors!
  9802 | D:11     | Noticed a two-headed ogre
  9825 | D:11     | Killed a two-headed ogre
  9825 | D:11     | Reached skill level 5 in Armour
 10187 | D:10     | Entered Level 10 of the Dungeon
 10187 | D:10     | Noticed Joseph
 10199 | D:10     | Killed Joseph
 10199 | D:10     | Reached skill level 8 in Invocations
 10199 | D:10     | Reached XP level 11. HP: 95/99 MP: 15/17
 10266 | D:10     | Reached ***** piety under Okawaru
 10307 | D:10     | Noticed Nergalle
 10757 | D:10     | Noticed a spectral orc warlord
 11209 | D:9      | Killed a two-headed ogre
 11209 | D:9      | Reached skill level 10 in Axes
 11292 | D:9      | Reached skill level 9 in Invocations
 11350 | D:9      | Found a glowing silver altar of Zin.
 11441 | D:9      | Received a gift from Okawaru
 11835 | D:10     | Killed an unseen horror
 11907 | D:10     | Killed Nergalle
 12020 | D:10     | Found a staircase to the Lair.
 12138 | D:10     | Noticed a two-headed ogre
 12151 | D:10     | Killed a two-headed ogre
 12151 | D:10     | Reached skill level 10 in Invocations
 12266 | D:10     | Noticed a two-headed ogre
 12666 | D:10     | Killed a two-headed ogre
 12666 | D:10     | Reached skill level 11 in Axes
 12752 | D:10     | Found Fidwos's Food Shop.
 13323 | D:11     | Found Lesk's Antique Armour Emporium.
 13371 | D:11     | Killed an unseen horror
 13453 | D:11     | Bought a faintly humming chain mail for 323 gold pieces
 13520 | D:11     | Killed an unseen horror
 13534 | D:11     | Identified the +7 chain mail "Ackeci" {Int+5} (You bought
                  | it in a shop on level 11 of the Dungeon)
 13797 | D:11     | Found a staircase to the Orcish Mines.
 13816 | D:11     | Reached XP level 12. HP: 78/106 MP: 16/19
 13820 | D:11     | Reached skill level 12 in Axes
 13821 | D:11     | Received a gift from Okawaru
 13906 | D:11     | Noticed a two-headed ogre
 13913 | D:11     | Killed a two-headed ogre
 14226 | Lair:1   | Entered Level 1 of the Lair of Beasts
 14676 | Lair:1   | Found an opulent altar of Gozag.
 14858 | Lair:1   | Received a gift from Okawaru
 14861 | Lair:1   | Reached skill level 1 in Evocations
 14866 | Lair:1   | Got an ancient hat {god gift}
 14877 | Lair:1   | Identified the +2 hat "Zaiss" {rElec MR+ Str+2} (Okawaru
                  | gifted it to you on level 1 of the Lair of Beasts)
 15125 | Lair:2   | HP: 26/106 [poisoned by a spiny frog]
 15130 | Lair:2   | HP: 24/106 [poisoned by a spiny frog]
 15135 | Lair:2   | HP: 22/106 [poisoned by a spiny frog]
 15140 | Lair:2   | HP: 21/106 [poisoned by a spiny frog]
 15147 | Lair:2   | HP: 21/106 [poisoned by a spiny frog]
 15155 | Lair:2   | HP: 22/106 [poisoned by a spiny frog]
 15447 | Lair:2   | Reached skill level 2 in Evocations
 15623 | Lair:2   | Reached skill level 3 in Evocations
 15728 | Lair:2   | You fall through a shaft for 2 floors!
 15729 | Lair:4   | Noticed a five-headed hydra
 15741 | Lair:4   | Killed a five-headed hydra
 15937 | Lair:3   | Reached skill level 4 in Evocations
 15970 | Lair:3   | Noticed Gastronok
 16000 | Lair:3   | Killed Gastronok
 16000 | Lair:3   | Reached skill level 13 in Axes
 16011 | Lair:3   | Reached skill level 5 in Evocations
 16182 | Lair:3   | Found a hole to the Spider Nest.
 16573 | Lair:3   | Got a thick robe
 17317 | Lair:4   | Noticed Josephine
 17333 | Lair:4   | Killed Josephine
 17333 | Lair:4   | Reached skill level 14 in Axes
 17344 | Lair:4   | HP: 24/106 [wraith[Josephine] (7)]
 17346 | Lair:4   | Reached XP level 13. HP: 16/113 MP: 20/20
 17350 | Lair:4   | HP: 13/113 [poisoned by Josephine]
 17357 | Lair:4   | HP: 12/113 [poisoned by Josephine]
 17362 | Lair:4   | HP: 13/113 [poisoned by Josephine]
 17845 | Lair:4   | Received a gift from Okawaru
 17845 | Lair:4   | Reached skill level 1 in Dodging
 17927 | Lair:4   | Found a runed translucent door.
 18144 | Lair:4   | Found a staircase to the Swamp.
 18222 | Lair:4   | You fall through a shaft!
 18222 | Lair:5   | Noticed Snorg
 18227 | Lair:5   | Killed Snorg
 18234 | Lair:5   | Reached skill level 2 in Dodging
 18254 | Lair:5   | Found a staircase to the Slime Pits.
 18254 | Lair:5   | Found a viscous altar of Jiyva.
 18496 | Lair:4   | Reached ****** piety under Okawaru
 18584 | Lair:5   | Noticed Nessos
 18608 | Lair:5   | Killed Nessos
 18608 | Lair:5   | Reached skill level 3 in Dodging
 18860 | Lair:5   | Received a gift from Okawaru
 19040 | Lair:5   | Reached skill level 4 in Dodging
 19275 | Lair:5   | Reached skill level 1 in Throwing
 19670 | Lair:5   | Received a gift from Okawaru
 19676 | Lair:5   | Reached skill level 2 in Throwing
 19816 | Lair:5   | Got a dazzling scale mail
 19830 | Lair:5   | Identified the cursed +0 scale mail of Ilier {rCorr Int+4}
                  | (You found it on level 5 of the Lair of Beasts)
 19856 | Lair:6   | Entered Level 6 of the Lair of Beasts
 19861 | Lair:6   | Received a gift from Okawaru
 19876 | Lair:6   | Reached skill level 15 in Axes
 19876 | Lair:6   | Reached skill level 3 in Throwing
 19876 | Lair:6   | Reached skill level 5 in Dodging
 19948 | Lair:6   | Reached skill level 4 in Throwing
 20554 | Lair:6   | Reached XP level 14. HP: 84/121 MP: 21/21
 20560 | Lair:6   | HP: 27/121 [manticore/volley of spikes (7)]
 20562 | Lair:6   | Reached skill level 5 in Throwing
 20994 | Lair:6   | Reached skill level 1 in Bows
 21004 | Lair:6   | Reached skill level 2 in Bows
 21195 | Lair:6   | Received a gift from Okawaru
 21195 | Lair:6   | Reached skill level 3 in Bows
 21284 | Lair:6   | Reached skill level 4 in Bows
 21533 | Lair:6   | Reached skill level 5 in Bows
 21547 | Lair:6   | Received a gift from Okawaru
 21547 | Lair:6   | Reached skill level 6 in Bows
 21769 | Lair:6   | Identified the Reference Book on Boosts
 21896 | Lair:6   | Reached skill level 7 in Bows
 22215 | Orc:1    | Entered Level 1 of the Orcish Mines
 22343 | Orc:2    | Entered Level 2 of the Orcish Mines
 22351 | Orc:2    | Noticed Jorgrun
 22367 | Orc:2    | Killed Jorgrun
 22367 | Orc:2    | Received a gift from Okawaru
 22367 | Orc:2    | Reached skill level 16 in Axes
 22528 | Orc:2    | Found a staircase to the Elven Halls.
 22581 | Orc:2    | Noticed Sonja
 22600 | Orc:2    | Killed Sonja
 22937 | Orc:2    | Reached skill level 8 in Bows
 22996 | Orc:2    | Reached skill level 9 in Bows
 23047 | Orc:2    | Received a gift from Okawaru
 23085 | Orc:2    | Received a gift from Okawaru
 23128 | Orc:2    | Reached skill level 10 in Bows
 23158 | Orc:2    | Received a gift from Okawaru
 23208 | Orc:2    | Reached XP level 15. HP: 100/126 MP: 22/22
 23275 | Orc:2    | Found Uphiul's Jewellery Boutique.
 23275 | Orc:2    | Found Tarem's Antique Armour Emporium.
 23276 | Orc:2    | Found Vecoj's Food Shoppe.
 23276 | Orc:2    | Found Okhiroes's Magic Scroll Boutique.
 23296 | Orc:2    | Bought a scroll of enchant weapon for 97 gold pieces
 23296 | Orc:2    | Bought a scroll of identify for 26 gold pieces
 23296 | Orc:2    | Bought a scroll of identify for 26 gold pieces
 23617 | D:11     | Bought a scorched plate armour for 952 gold pieces
 23627 | D:11     | Identified the +1 plate armour of the Everdark {*Slow rElec
                  | Str+3 Dex+4} (You bought it in a shop on level 11 of the
                  | Dungeon)
 24080 | D:12     | Found Mipaagec's Antique Armour Shoppe.
 24319 | D:13     | Reached skill level 11 in Bows
 24402 | D:13     | Noticed Maurice
 24405 | D:13     | Killed Maurice
 24535 | D:13     | You fall through a shaft for 2 floors!
 24535 | D:15     | Entered Level 15 of the Dungeon
 24810 | D:14     | Reached skill level 17 in Axes
 25277 | D:13     | Received a gift from Okawaru
 25391 | D:13     | Reached skill level 12 in Bows
 25518 | D:13     | Received a gift from Okawaru
 25625 | D:13     | Identified the Papyrus of Congealing Clay
 25629 | D:13     | Got a bound granite ring
 25631 | D:13     | Identified the ring of Wixain {*Tele +Blink rF+ Slay+3}
                  | (You found it on level 13 of the Dungeon)
 25837 | D:13     | Received a gift from Okawaru
 26065 | D:14     | Received a gift from Okawaru
 26138 | D:14     | Reached skill level 13 in Bows
 26461 | D:14     | Received a gift from Okawaru
 26599 | D:14     | Found a gate to the Vaults.
 27232 | D:15     | Found Girour's Magic Scroll Emporium.
 27269 | D:15     | Bought a scroll of enchant armour for 135 gold pieces
 27269 | D:15     | Bought a scroll of identify for 36 gold pieces
 27269 | D:15     | Bought a scroll of identify for 36 gold pieces
 27447 | D:15     | Found a staircase to the Depths.
 27644 | D:15     | Received a gift from Okawaru
 27644 | D:15     | Reached skill level 14 in Bows
 27647 | D:15     | Got a scorched centaur barding {god gift}
 27658 | D:15     | Identified the +0 centaur barding of the Komodo Dragon
                  | {+Fly rC- Int+5 Dex+2} (Okawaru gifted it to you on level
                  | 15 of the Dungeon)
 28152 | Swamp:1  | Entered Level 1 of the Swamp
 28177 | Swamp:1  | Reached XP level 16. HP: 98/134 MP: 23/23
 28494 | Swamp:1  | Reached skill level 18 in Axes
 29058 | Swamp:1  | Reached skill level 15 in Bows
 29106 | Swamp:1  | Noticed Nikola
 29127 | Swamp:1  | Killed Nikola
 29136 | Swamp:1  | Received a gift from Okawaru
 29677 | Swamp:2  | Noticed Frances
 29694 | Swamp:2  | Killed Frances
 30146 | Swamp:2  | Got a pair of slimy gloves
 30157 | Swamp:2  | Identified the +1 pair of gloves of Moral Flaws {rPois
                  | Str-5 Int+2 Slay+2} (You acquired it on level 2 of the
                  | Swamp)
 30650 | Swamp:2  | Reached skill level 19 in Axes
 31115 | Swamp:3  | Noticed Kirke
 31138 | Swamp:3  | Killed Kirke
 31138 | Swamp:3  | Received a gift from Okawaru
 31946 | Spider:1 | Entered Level 1 of the Spider Nest
 32640 | Spider:1 | Received a gift from Okawaru
 32763 | Spider:1 | Reached XP level 17. HP: 136/141 MP: 24/24
 32844 | Spider:1 | Got a jewelled ring mail
 32882 | Spider:1 | Identified the cursed +0 ring mail of Ennui {Str+2} (You
                  | found it on level 1 of the Spider Nest)
 33074 | Orc:2    | Bought an ichor-stained scale mail for 225 gold pieces
 33074 | Orc:2    | Bought a shiny plate armour for 650 gold pieces
 33095 | Orc:2    | Identified the +4 scale mail "Kuinikoo" {+Fly rF- Str+6}
                  | (You bought it in a shop on level 2 of the Orcish Mines)
 33735 | Spider:2 | HP: 35/143 [tarantella (4)]
 34020 | Spider:1 | HP: 31/143 [wolf spider (12)]
 34367 | Spider:2 | Reached skill level 11 in Fighting
 34377 | Spider:2 | Reached skill level 16 in Bows
 35169 | Spider:3 | Received a gift from Okawaru
 35910 | Spider:4 | Entered Level 4 of the Spider Nest
 36380 | Spider:4 | Reached skill level 12 in Fighting
 36381 | Spider:4 | Reached skill level 17 in Bows
 36574 | Spider:4 | Received a gift from Okawaru
 36981 | Spider:4 | Noticed Arachne
 36995 | Spider:4 | Killed Arachne
 37007 | Spider:4 | Received a gift from Okawaru
 37139 | Spider:4 | Reached skill level 20 in Axes
 37488 | Spider:3 | HP: 37/148 [poisoned by an emperor scorpion]
 37493 | Spider:3 | HP: 36/148 [poisoned by an emperor scorpion]
 37498 | Spider:3 | HP: 36/148 [poisoned by an emperor scorpion]
 37505 | Spider:3 | HP: 36/148 [poisoned by an emperor scorpion]
 37513 | Spider:3 | HP: 37/148 [poisoned by an emperor scorpion]
 37867 | Spider:4 | Got a gossamer rune of Zot
 37889 | Spider:4 | Reached XP level 18. HP: 122/156 MP: 0/25
 38823 | Swamp:4  | Entered Level 4 of the Swamp
 38833 | Swamp:3  | Reached skill level 18 in Bows
 38996 | Swamp:4  | Reached skill level 13 in Fighting
 39914 | Swamp:4  | Received a gift from Okawaru
 40417 | Swamp:4  | Got a decaying rune of Zot
 40870 | Vaults:1 | Entered Level 1 of the Vaults
 40902 | Vaults:1 | HP: 10/159 [crystal guardian (illusionary)/crystal bolt
                  | (54)]
 40903 | Vaults:1 | Killed from afar by a crystal guardian (illusionary)

Levels and vault maps discovered:
D:1:      noname_arrival_rooms_in_the_neighbourhood, layout_loops_corners,
          nemelex_xobeh_ov_fountains_minmay
D:2:      layout_rooms, minivault_14, minmay_pentomino_q2
D:3:      layout_basic, grunt_dithmenos_smoke
D:4:      layout_loops_corners, first_ration
D:5:      layout_basic, temple_fountains, st_stairs_4
D:6:      kennysheep_windowed_halls, layout_basic, nrook_uturn,
          minmay_misc_feat_hallway
D:7:      layout_loops_ring, enter_ossuary_4, serial_co_window_serial,
          co_window_paths_a, co_window_corner_a, co_window_paths_b,
          co_window_paths_a, co_window_cross_1, co_window_corner_b,
          co_window_corner_b, co_window_cross_2, co_window_corner_b,
          co_window_broadway_a, co_window_paths_c, co_window_broadway_c,
          glass_columns_b, glass_columns_b, glass_columns_a, glass_columns_b,
          serial_park_tiny_1
D:8:      kennysheep_big_flooded_room, layout_rooms, serial_undead,
          serial_undead_e, serial_undead_a, serial_undead_a, serial_undead_d,
          serial_undead_c, serial_undead_d, serial_undead_b
D:9:      minmay_opposing_rooms, layout_irregular_city,
          lemuel_coloured_pillars_altar, basic_altar, grunt_ogre_cave,
          serial_bayou_ford_a, grunt_ministairs_11
D:10:     layout_small_grid, grunt_lair_entry_orc_guard_hut, serial_shops,
          shop_statue, minmay_circle_x, uniq_nergalle, uniq_joseph
D:11:     layout_rooms, minmay_orc_entry_guard_dogs, serial_shops,
          nicolae_shop_waterfront, minmay_fractal_squares_diagonal_5
D:12:     layout_basic, serial_shops, nicolae_shop_trees
D:13:     layout_roguey, minmay_evil_grid, uniq_maurice
D:14:     layout_irregular_city, hangedman_vaults_entry_quadrant_bands,
          minivault_23
D:15:     hangedman_depths_entry_civil_slaughter, layout_grid_maze,
          serial_shops, shop
Temple:   compressed_dpeg_circular_temple
Lair:1:   layout_regular_city, basic_altar, wad_woods_river_03
Lair:2:   layout_chaotic_city
Lair:3:   layout_roguey, spider_nest_entry_funnel_web, lemuel_fruit_tree,
          uniq_gastronok
Lair:4:   layout_regular_city, skrybe_swamp_entry_bodies, pf_torpor_hydra,
          uniq_josephine
Lair:5:   layout_concentric_octagons, slime_altar_1,
          hangedman_lair_generics_rect, infiniplex_staircase_pool,
          minmay_lair_oklob_chamber, uniq_snorg, uniq_nessos
Lair:6:   evilmike_catoblepas_cave, layout_gridlike, lemuel_fruit_fields
Swamp:1:  layout_basic_swamp, evilmike_swamp_ruin_rubble_2, uniq_nikola
Swamp:2:  layout_basic_swamp, serial_swamp_ruin, evilmike_swamp_ruin_house_3,
          evilmike_swamp_ruin_house_1, hangedman_swamp_ruin_hall, swamp_pool1,
          st_swamp_ruins_1, uniq_frances
Swamp:3:  layout_basic_swamp, nicolae_swamp_round_clearing, swamp_pool3,
          uniq_kirke
Swamp:4:  swamp_icy, layout_basic_swamp, swamp_pool1
Spider:1: nicolae_spider_mines_1, nicolae_looking_at_the_future
Spider:2: layout_spider_delve
Spider:3: layout_spider_delve
Spider:4: johnstein_spider_rune_arachne_lair,
          portal_ice_cave_entry_pillars_four, uniq_arachne
Orc:1:    layout_caves, elves_outpost_lemuel
Orc:2:    st_orc_ogre_mass, layout_diamond_mine, nicolae_orc_rockfall,
          uniq_sonja, uniq_jorgrun
Vaults:1: nicolae_vaults_network_s, ontoclasm_vaults_loading_screen, v_misc_9,
          nicolae_vaults_display_case, nicolae_vaults_shelves_hall,
          grunt_vaults_funnel, v_misc_25, ontoclasm_vaults_eye,
          nicolae_vaults_little_squares_2, v_rooms_2, layout_vaults_omnicross,
          serial_shops, nicolae_shop_trees
Ossuary:  ossuary_the_hunt_dpeg

Skill      XL: |  1  2  3  4  5  6  7  8  9 10 11 12 13 14 15 16 17 18 |
---------------+-------------------------------------------------------+-----
Axes           | 2 3 4 5 7 8 9 11 14 15 16 17 19 20 | 20.0
Armour         | 3 4 5 |  5.0
Fighting       | 4 5 6 8 9 10 12 13 | 13.6
Shields        | 3 |  3.0
Invocations    | 3 6 8 10 | 10.0
Evocations     | 5 |  5.0
Dodging        | 5 |  5.0
Throwing       | 4 5 |  5.0
Bows           | 10 14 15 17 18 | 18.7

Action                   |  1- 3 |  4- 6 |  7- 9 | 10-12 | 13-15 | 16-18 || total
-------------------------+-------+-------+-------+-------+-------+-------++-------
Melee: War axe           |    22 |       |       |       |       |       ||    22
       Kick              |    12 |    32 |   118 |   188 |   195 |   134 ||   679
       Hand axe          |    95 |    52 |       |       |       |       ||   147
       Short sword       |       |    98 |   253 |       |       |       ||   351
       Mace              |       |       |   131 |    74 |       |       ||   205
       Eveningstar       |       |       |       |   574 |    13 |       ||   587
       Broad axe         |       |       |       |       |   601 |   466 ||  1067
       Punch             |       |       |       |       |     2 |     5 ||     7
 Fire: Shortbow          |       |       |    29 |       |       |       ||    29
       Longbow           |       |       |       |       |   406 |   980 ||  1386
Throw: Tomahawk          |       |     2 |     2 |     1 |       |       ||     5
       Javelin           |       |       |       |     7 |    13 |       ||    20
Invok: Heroism           |       |       |     1 |     9 |    11 |     8 ||    29
       Finesse           |       |       |       |     1 |     1 |     2 ||     4
Evoke: Wand              |       |       |     7 |    45 |    11 |     7 ||    70
       Sack of spiders   |       |       |       |       |     1 |     1 ||     2
  Use: Scroll            |       |     6 |     5 |    20 |    13 |    14 ||    58
       Potion            |       |       |     1 |     2 |     1 |     4 ||     8
 Stab: Paralysed         |       |       |     2 |    13 |     5 |       ||    20
       Distracted        |       |       |       |       |       |     1 ||     1
       Confused          |       |       |       |       |       |     1 ||     1
  Eat: Chunk             |       |     7 |    11 |    35 |    16 |    21 ||    90
       Ration            |       |       |     1 |       |     1 |     4 ||     6
Armor: Scale mail        |     8 |       |       |       |       |       ||     8
       Chain mail        |    76 |    47 |       |   115 |   413 |   668 ||  1319
       Storm dragon scal |       |    27 |   219 |   363 |       |       ||   609
Dodge: Dodged            |    19 |    32 |   149 |   185 |   201 |   302 ||   888
Block: Shield            |    45 |    52 |    32 |   257 |    49 |       ||   435

Table legend:
 A = Non-vault XP
 B = Vault XP
 C = Vault XP percentage of total XP
 D = Non-vault monster count
 E = Vault monster count
 F = Vault count percentage of total count
                 A         B        C        D         E       F
            +---------+---------+-------+---------+---------+-------
      Total |  202588 |  123904 |  38.0 |     866 |     317 |  26.8
            +---------+---------+-------+---------+---------+-------
        D:1 |      42 |       0 |   0.0 |      15 |       0 |   0.0
        D:2 |     194 |       3 |   1.5 |      14 |       1 |   6.7
        D:3 |      74 |       0 |   0.0 |      26 |       0 |   0.0
        D:4 |     484 |     266 |  35.5 |      20 |       2 |   9.1
        D:5 |     987 |       0 |   0.0 |      22 |       0 |   0.0
        D:6 |     627 |     466 |  42.6 |      18 |      13 |  41.9
        D:7 |    1494 |       2 |   0.1 |      35 |       2 |   5.4
        D:8 |    1411 |     904 |  39.0 |      14 |      14 |  50.0
        D:9 |    1973 |    1980 |  50.1 |      18 |      11 |  37.9
       D:10 |    4175 |    1879 |  31.0 |      33 |       9 |  21.4
       D:11 |    4034 |    2324 |  36.6 |      26 |      13 |  33.3
       D:12 |    5601 |       0 |   0.0 |      45 |       0 |   0.0
       D:13 |   10767 |    5476 |  33.7 |      51 |      10 |  16.4
       D:14 |    7877 |    4183 |  34.7 |      27 |      16 |  37.2
       D:15 |    7265 |    4805 |  39.8 |      20 |       6 |  23.1
     Lair:1 |     746 |       0 |   0.0 |       5 |       0 |   0.0
     Lair:2 |    3781 |       0 |   0.0 |      18 |       0 |   0.0
     Lair:3 |    1997 |    3240 |  61.9 |      11 |       5 |  31.2
     Lair:4 |    4163 |    3927 |  48.5 |      17 |      10 |  37.0
     Lair:5 |    6445 |    7950 |  55.2 |      20 |      11 |  35.5
     Lair:6 |   14012 |   12095 |  46.3 |      44 |      23 |  34.3
    Swamp:1 |   21578 |    3126 |  12.7 |      64 |       1 |   1.5
    Swamp:2 |    8450 |    6389 |  43.1 |      22 |       9 |  29.0
    Swamp:3 |   13236 |    2806 |  17.5 |      26 |       5 |  16.1
    Swamp:4 |   17076 |    6057 |  26.2 |      46 |      28 |  37.8
   Spider:1 |   12741 |    3873 |  23.3 |      43 |      20 |  31.7
   Spider:2 |   16385 |       0 |   0.0 |      44 |       0 |   0.0
   Spider:3 |   13357 |       0 |   0.0 |      43 |       0 |   0.0
   Spider:4 |   18155 |   30325 |  62.6 |      49 |      51 |  51.0
      Orc:1 |     145 |       0 |   0.0 |       4 |       0 |   0.0
      Orc:2 |    1335 |   21531 |  94.2 |      20 |      42 |  67.7
   Vaults:1 |    1981 |       0 |   0.0 |       6 |       0 |   0.0
    Ossuary |       0 |     297 | 100.0 |       0 |      15 | 100.0
            +---------+---------+-------+---------+---------+-------

Levels and vault maps discovered:
D:1:      noname_arrival_rooms_in_the_neighbourhood, layout_loops_corners,
          nemelex_xobeh_ov_fountains_minmay
D:2:      layout_rooms, minivault_14, minmay_pentomino_q2
D:3:      layout_basic, grunt_dithmenos_smoke
D:4:      layout_loops_corners, first_ration
D:5:      layout_basic, temple_fountains, st_stairs_4
D:6:      kennysheep_windowed_halls, layout_basic, nrook_uturn,
          minmay_misc_feat_hallway
D:7:      layout_loops_ring, enter_ossuary_4, serial_co_window_serial,
          co_window_paths_a, co_window_corner_a, co_window_paths_b,
          co_window_paths_a, co_window_cross_1, co_window_corner_b,
          co_window_corner_b, co_window_cross_2, co_window_corner_b,
          co_window_broadway_a, co_window_paths_c, co_window_broadway_c,
          glass_columns_b, glass_columns_b, glass_columns_a, glass_columns_b,
          serial_park_tiny_1
D:8:      kennysheep_big_flooded_room, layout_rooms, serial_undead,
          serial_undead_e, serial_undead_a, serial_undead_a, serial_undead_d,
          serial_undead_c, serial_undead_d, serial_undead_b
D:9:      minmay_opposing_rooms, layout_irregular_city,
          lemuel_coloured_pillars_altar, basic_altar, grunt_ogre_cave,
          serial_bayou_ford_a, grunt_ministairs_11
D:10:     layout_small_grid, grunt_lair_entry_orc_guard_hut, serial_shops,
          shop_statue, minmay_circle_x, uniq_nergalle, uniq_joseph
D:11:     layout_rooms, minmay_orc_entry_guard_dogs, serial_shops,
          nicolae_shop_waterfront, minmay_fractal_squares_diagonal_5
D:12:     layout_basic, serial_shops, nicolae_shop_trees
D:13:     layout_roguey, minmay_evil_grid, uniq_maurice
D:14:     layout_irregular_city, hangedman_vaults_entry_quadrant_bands,
          minivault_23
D:15:     hangedman_depths_entry_civil_slaughter, layout_grid_maze,
          serial_shops, shop
Temple:   compressed_dpeg_circular_temple
Lair:1:   layout_regular_city, basic_altar, wad_woods_river_03
Lair:2:   layout_chaotic_city
Lair:3:   layout_roguey, spider_nest_entry_funnel_web, lemuel_fruit_tree,
          uniq_gastronok
Lair:4:   layout_regular_city, skrybe_swamp_entry_bodies, pf_torpor_hydra,
          uniq_josephine
Lair:5:   layout_concentric_octagons, slime_altar_1,
          hangedman_lair_generics_rect, infiniplex_staircase_pool,
          minmay_lair_oklob_chamber, uniq_snorg, uniq_nessos
Lair:6:   evilmike_catoblepas_cave, layout_gridlike, lemuel_fruit_fields
Swamp:1:  layout_basic_swamp, evilmike_swamp_ruin_rubble_2, uniq_nikola
Swamp:2:  layout_basic_swamp, serial_swamp_ruin, evilmike_swamp_ruin_house_3,
          evilmike_swamp_ruin_house_1, hangedman_swamp_ruin_hall, swamp_pool1,
          st_swamp_ruins_1, uniq_frances
Swamp:3:  layout_basic_swamp, nicolae_swamp_round_clearing, swamp_pool3,
          uniq_kirke
Swamp:4:  swamp_icy, layout_basic_swamp, swamp_pool1
Spider:1: nicolae_spider_mines_1, nicolae_looking_at_the_future
Spider:2: layout_spider_delve
Spider:3: layout_spider_delve
Spider:4: johnstein_spider_rune_arachne_lair,
          portal_ice_cave_entry_pillars_four, uniq_arachne
Orc:1:    layout_caves, elves_outpost_lemuel
Orc:2:    st_orc_ogre_mass, layout_diamond_mine, nicolae_orc_rockfall,
          uniq_sonja, uniq_jorgrun
Vaults:1: nicolae_vaults_network_s, ontoclasm_vaults_loading_screen, v_misc_9,
          nicolae_vaults_display_case, nicolae_vaults_shelves_hall,
          grunt_vaults_funnel, v_misc_25, ontoclasm_vaults_eye,
          nicolae_vaults_little_squares_2, v_rooms_2, layout_vaults_omnicross,
          serial_shops, nicolae_shop_trees
Ossuary:  ossuary_the_hunt_dpeg

Table legend:
 A = Turns spent in this place as a percentage of turns spent in the entire game.
 B = Non-inter-level travel turns spent in this place as a percentage of non-inter-level travel turns spent in the entire game.
 C = Inter-level travel turns spent in this place as a percentage of turns spent in this place.
 D = Turns resting spent in this place as a percentage of non-inter-level travel turns spent in this place.
 E = Turns spent auto-exploring this place as a percentage of non-inter-level travel turns spent in this place.
 F = Non-inter-level travel turns spent in this place divided by the number of levels of this place that you've seen.
                   A       B       C       D       E      F
               +-------+-------+-------+-------+-------+----------------------
         Total | 100.0 | 100.0 |   7.8 |  18.8 |  60.5 | 1108.8
       Dungeon |  45.3 |  44.6 |   9.3 |  16.3 |  60.8 | 1120.2
        Temple |   0.3 |   0.2 |  19.5 |   0.0 |  85.7 |  91.0
          Lair |  20.1 |  19.9 |   9.1 |  22.0 |  63.1 | 1247.7
         Swamp |  13.9 |  14.2 |   5.9 |  15.1 |  64.2 | 1340.0
   Spider Nest |  15.6 |  16.4 |   3.1 |  26.9 |  52.8 | 1546.5
  Orcish Mines |   3.8 |   3.6 |  11.0 |   2.0 |  74.3 | 686.5
        Vaults |   0.1 |   0.1 |   3.0 |   0.0 |  25.0 |  32.0
       Ossuary |   0.9 |   1.0 |   0.0 |  57.7 |  10.3 | 369.0
               +-------+-------+-------+-------+-------+----------------------

Table legend:
 A = Kills in this place as a percentage of kills in entire the game.
 B = Kills by you in this place as a percentage of kills by you in the entire game.
 C = Kills by friends in this place as a percentage of kills by friends in the entire game.
 D = Other kills in this place as a percentage of other kills in the entire game.
 E = Experience gained in this place as a percentage of experience gained in the entire game.
 F = Experience gained in this place divided by the number of levels of this place that you have seen.
                   A       B       C       D       E      F
               +-------+-------+-------+-------+-------+----------------------
         Total | 100.0 | 100.0 | 100.0 |   N/A | 100.0 | 9602.7
       Dungeon |  40.7 |  40.8 |   0.0 |   N/A |  21.2 | 4619.5
          Lair |  13.9 |  13.9 |   0.0 |   N/A |  17.9 | 9726.0
         Swamp |  17.0 |  16.9 |  50.0 |   N/A |  24.1 | 19679.5
   Spider Nest |  21.1 |  21.0 |  50.0 |   N/A |  29.0 | 23709.0
  Orcish Mines |   5.6 |   5.6 |   0.0 |   N/A |   7.0 | 11505.5
        Vaults |   0.5 |   0.5 |   0.0 |   N/A |   0.6 | 1981.0
       Ossuary |   1.3 |   1.3 |   0.0 |   N/A |   0.1 | 297.0
               +-------+-------+-------+-------+-------+----------------------
